Map: 2000 Atmospheres LE

Players

Serral - Winner!

  • Race: Zerg Zerg
  • League: Master

Lambo

  • Race: Zerg Zerg
  • League: Grandmaster

Event: DreamHack SC2 Masters 2021 Summer

VOD

Have the link to the VOD?

Description

Time

  • Played on: June 5, 2021, 10:37 a.m.
  • Length: 14:42

All games in this series

Show
View Real Time Build Order
Export as new Build Order

Serral Zerg - Winner!

Build Orders: Hatch First, Lurkers 

Get SALT Encoding   

  12  0:00  Drone  
  13  0:12  Overlord  
  13  0:16  Drone  
  14  0:30  Drone x2  
  16  0:46  Hatchery  
  15  0:50  Drone  
  15  0:53  Drone  
  18  0:57  Drone  
  18  1:07  Extractor  
  17  1:12  Spawning Pool  
  17  1:16  Drone  
  17  1:19  Drone  
  18  1:27  Drone  
  19  1:39  Drone  
  20  1:48  Drone  
  21  1:58  Queen  
  21  1:59  Queen, Zergling x2  
  21  2:00  Overlord  
  26  2:09  Drone  
  26  2:11  Drone  
  28  2:20  Drone  
  28  2:21  Drone  
  30  2:32  Hatchery  
  30  2:34  Drone  
  30  2:37  Drone  
  31  2:40  Queen  
  31  2:43  Overlord  
  33  2:46  Drone  
  34  2:52  Drone  
  34  2:53  Drone  
  36  3:05  Drone  
  37  3:06  Drone x3  
  37  3:07  Drone x3  
  37  3:08  Drone  
  37  3:11  Evolution Chamber  
  43  3:18  Roach Warren  
  41  3:25  Lair  
  41  3:28  Overlord  
  41  3:29  Drone  
  41  3:30  Drone  
  41  3:33  Extractor x2  
  41  3:34  Drone  
  41  3:38  Zerg Missile Weapons Level 1  
  43  3:41  Drone  
  43  3:45  Drone x2  
  43  3:46  Drone x2  
  43  3:47  Drone  
  48  3:49  Drone  
  48  3:52  Overlord  
  49  3:59  Roach x2  
  49  4:00  Roach  
  55  4:04  Roach  
  55  4:07  Overlord  
  55  4:08  Drone  
  58  4:11  Overlord  
  58  4:16  Roach x2  
  62  4:24  Evolution Chamber  
  62  4:26  Roach x2  
  62  4:27  Roach  
  67  4:37  Glial Reconstitution  
  67  4:39  Overseer  
  67  4:42  Hatchery  
  66  4:46  Queen  
  66  4:49  Queen  
  70  4:54  Overlord  
  70  4:55  Overlord  
  70  5:01  Drone x3  
  70  5:06  Zerg Ground Armor Level 1  
  73  5:09  Drone  
  73  5:10  Extractor  
  73  5:14  Overlord  
  73  5:16  Drone x2  
  73  5:17  Drone  
  73  5:18  Drone  
  77  5:23  Drone x2, Spore Crawler  
  78  5:33  Queen, Spore Crawler  
  78  5:34  Queen  
  81  5:36  Drone  
  81  5:41  Zerg Missile Weapons Level 2  
  82  5:43  Drone  
  82  5:44  Drone  
  82  5:49  Infestation Pit  
  83  5:51  Drone x2  
  83  5:52  Overseer  
  83  5:55  Drone x2  
  87  5:58  Drone x2  
  87  6:03  Burrow  
  89  6:04  Tunneling Claws  
  89  6:08  Overlord  
  89  6:12  Overlord  
  89  6:13  Drone  
  89  6:16  Spore Crawler  
  89  6:23  Spore Crawler  
  89  6:24  Queen  
  92  6:26  Hive  
  92  6:27  Drone  
  92  6:31  Drone  
  92  6:32  Spore Crawler  
  91  6:34  Roach x2  
  91  6:36  Roach  
  91  6:38  Drone  
  91  6:39  Drone x2  
  100  6:42  Overlord  
  100  6:43  Drone  
  101  6:47  Drone, Spore Crawler  
  101  6:49  Drone x2  
  101  6:53  Overlord  
  103  6:55  Spore Crawler  
  103  6:57  Roach  
  103  6:58  Roach  
  106  7:02  Overlord  
  106  7:03  Drone x3  
  106  7:05  Extractor  
  106  7:06  Extractor  
  106  7:08  Roach x2  
  111  7:12  Roach x2  
  115  7:22  Drone x3  
  118  7:23  Infestor x4  
  126  7:30  Roach x4  
  126  7:31  Roach  
  126  7:35  Spore Crawler  
  129  7:40  Overlord x3  
  129  7:41  Spore Crawler, Roach x3  
  129  7:42  Zerg Ground Armor Level 2  
  128  7:47  Overlord  
  128  7:49  Overlord  
  128  7:50  Overlord  
  128  7:54  Queen  
  130  8:02  Queen x2  
  132  8:07  Viper x2  
  132  8:09  Roach  
  132  8:10  Drone  
  132  8:11  Drone  
  134  8:14  Overseer  
  134  8:16  Spore Crawler  
  134  8:18  Hydralisk Den  
  132  8:20  Drone  
  132  8:21  Drone x3  
  132  8:22  Drone, Spore Crawler  
  132  8:23  Spore Crawler  
  132  8:27  Spore Crawler  
  134  8:31  Viper  
  133  8:36  Roach x3  
  137  8:45  Drone x3  
  140  8:50  Spore Crawler x2  
  140  8:52  Lurker Den, Roach  
  140  8:53  Roach  
  140  8:55  Roach x4  
  148  8:56  Drone  
  149  9:09  Roach x2  
  157  9:10  Roach x2  
  157  9:13  Drone  
  157  9:15  Overseer  
  157  9:17  Hydralisk  
  157  9:18  Hydralisk x2  
  163  9:27  Hatchery, Hydralisk x3  
  168  9:35  Hydralisk  
  168  9:36  Overlord x4  
  170  9:39  Roach  
  170  9:40  Roach  
  170  9:42  Roach x2  
  178  9:46  Overlord  
  178  9:48  Muscular Augments  
  174  9:58  Roach x2  
  174  9:59  Hydralisk x3  
  178  10:00  Hydralisk  
  178  10:05  Roach x2  
  190  10:11  Roach x2  
  190  10:13  Roach x3  
  194  10:15  Lurker  
  193  10:23  Hatchery, Roach  
  193  10:24  Lurker  
  193  10:25  Lurker  
  194  10:34  Roach x4  
  192  10:40  Adaptive Talons  
  184  10:46  Drone  
  184  10:47  Drone x6  
  183  10:50  Lurker x2  
  183  10:54  Drone x2  
  183  10:55  Roach x5  
  187  10:59  Grooved Spines  
  187  11:02  Roach x2  
  187  11:03  Roach x3  
  194  11:13  Extractor x2  
  194  11:14  Roach x3  
  194  11:17  Lurker  
  194  11:18  Lurker  
  192  11:19  Drone x2  
  192  11:20  Spore Crawler  
  192  11:23  Spore Crawler  
  186  11:28  Drone  
  186  11:29  Drone, Zerg Missile Weapons Level 3  
  186  11:31  Spore Crawler  
  186  11:32  Spore Crawler  
  182  11:34  Roach  
  182  11:35  Roach x2  
  182  11:38  Drone  
  182  11:39  Spore Crawler  
  188  11:40  Spore Crawler  
  189  11:47  Roach x2  
  179  11:59  Roach x4  
  179  12:01  Roach x5  
  187  12:16  Seismic Spines, Hydralisk x3  
  193  12:28  Hatchery  
  190  12:30  Hydralisk  
  190  12:31  Hydralisk  
  194  12:41  Drone x3  
  194  12:42  Hydralisk x2  
  199  12:45  Spore Crawler  
  199  12:46  Spore Crawler x2  
  199  12:47  Spore Crawler  
  199  12:49  Roach x6  
  195  12:51  Roach x7  
  195  12:52  Overseer  
  195  12:53  Roach x8  
  192  12:59  Drone  
  192  13:00  Drone x3  
  192  13:01  Hydralisk x3  
  189  13:28  Drone x5  
  190  13:34  Lurker x8  
  190  13:35  Lurker x2  
  190  13:37  Unknown  
  190  13:40  Drone x5  
  190  13:41  Drone  
  197  13:43  Drone x2, Spore Crawler x2  
  197  13:45  Spore Crawler  
  197  13:46  Spore Crawler x2  
  192  13:52  Spore Crawler  
  192  13:54  Spore Crawler  
  190  13:57  Hydralisk x6  
  197  14:09  Hydralisk x5  
  195  14:25  Drone  
  195  14:26  Drone x2  
  195  14:29  Hatchery  
Show
View Real Time Build Order
Export as new Build Order

Lambo Zerg 

Build Orders: Hatch First, Muta Ling Bane 

Get SALT Encoding   

  12  0:00  Drone  
  13  0:12  Overlord  
  13  0:18  Drone  
  14  0:33  Drone x2  
  16  0:47  Hatchery  
  15  0:51  Drone  
  15  0:55  Drone  
  17  0:57  Drone  
  18  1:08  Extractor  
  17  1:13  Spawning Pool  
  17  1:16  Drone  
  17  1:19  Drone  
  18  1:28  Drone  
  19  1:39  Drone  
  20  1:49  Drone  
  20  1:53  Evolution Chamber  
  20  1:59  Queen x2  
  20  2:00  Drone  
  25  2:02  Overlord  
  25  2:10  Drone x2  
  27  2:20  Drone, Zerg Melee Weapons Level 1  
  27  2:22  Drone  
  29  2:32  Drone x2  
  29  2:35  Queen  
  33  2:45  Overlord  
  33  2:47  Drone  
  33  2:48  Metabolic Boost  
  34  2:54  Drone x2  
  36  3:04  Drone  
  36  3:05  Drone  
  38  3:09  Drone x6  
  44  3:19  Overlord  
  44  3:26  Evolution Chamber  
  43  3:31  Roach Warren, Overlord  
  42  3:37  Extractor  
  42  3:39  Lair, Zergling x4  
  43  3:46  Zergling x14  
  50  3:49  Zergling x2  
  53  3:57  Extractor, Zergling x4  
  53  4:01  Hatchery  
  53  4:08  Drone x2  
  55  4:11  Extractor  
  55  4:12  Drone x3  
  55  4:14  Drone  
  55  4:15  Drone  
  55  4:16  Drone  
  60  4:19  Overlord  
  60  4:28  Drone  
  59  4:33  Drone x2  
  58  4:39  Spire  
  58  4:45  Zergling x8  
  61  4:52  Overlord  
  61  4:56  Zergling x2  
  61  4:57  Zergling x6  
  65  5:04  Overlord  
  65  5:10  Zergling x8  
  69  5:30  Overlord  
  69  5:39  Extractor  
  69  5:42  Extractor, Drone x2  
  69  5:45  Drone x6  
  69  5:47  Drone  
  76  5:51  Drone  
  76  5:52  Mutalisk x2  
  76  5:53  Mutalisk x2  
  76  5:54  Zerg Melee Weapons Level 2  
  76  5:55  Zerg Flyer Weapons Level 1  
  85  5:57  Mutalisk x2  
  89  6:04  Drone x2  
  89  6:05  Hatchery  
  89  6:06  Drone  
  89  6:08  Mutalisk, Baneling Nest  
  92  6:12  Mutalisk  
  92  6:15  Mutalisk  
  92  6:17  Drone  
  97  6:24  Overlord  
  97  6:25  Overlord  
  97  6:38  Overlord  
  97  6:42  Mutalisk x4  
  97  6:44  Mutalisk  
  97  6:46  Drone x4  
  111  6:49  Drone x2  
  111  6:53  Centrifical Hooks  
  113  6:57  Drone x3  
  116  7:02  Mutalisk  
  116  7:05  Zergling x6  
  121  7:11  Overlord x2  
  121  7:18  Overlord  
  121  7:19  Overlord  
  121  7:21  Mutalisk  
  121  7:22  Mutalisk, Overlord  
  125  7:24  Drone  
  125  7:25  Drone, Extractor  
  125  7:26  Extractor, Drone  
  125  7:28  Overlord  
  126  7:32  Mutalisk  
  126  7:35  Pneumatized Carapace  
  128  7:39  Overseer x4  
  128  7:43  Drone x4  
  132  7:45  Drone x2  
  132  7:47  Drone  
  132  7:50  Mutalisk x2  
  139  7:56  Drone x4  
  138  8:02  Drone x5  
  142  8:05  Drone x2  
  142  8:06  Drone  
  142  8:11  Mutalisk x2  
  149  8:13  Drone  
  150  8:22  Drone  
  150  8:23  Drone  
  150  8:24  Mutalisk x3  
  158  8:30  Baneling x9  
  158  8:32  Zergling x10  
  162  8:35  Baneling x3  
  162  8:38  Drone x2  
  162  8:39  Drone  
  164  8:45  Mutalisk  
  164  8:48  Zergling x2  
  167  8:49  Overlord x2  
  167  8:51  Spine Crawler  
  166  8:58  Baneling x2  
  166  8:59  Baneling x16  
  164  9:03  Zergling x8  
  163  9:10  Zergling x18  
  163  9:15  Drone x3  
  175  9:18  Zerg Ground Armor Level 1  
  175  9:19  Infestation Pit  
  175  9:22  Baneling  
  175  9:23  Baneling x4  
  173  9:26  Mutalisk  
  173  9:27  Mutalisk  
  175  9:33  Overseer  
  175  9:40  Hatchery  
  175  9:41  Overlord  
  174  9:46  Mutalisk x4  
  174  9:49  Overlord  
  174  9:50  Overlord  
  182  9:58  Overlord  
  182  9:59  Zergling x4  
  178  10:01  Overlord  
  178  10:02  Overlord  
  178  10:03  Overlord  
  176  10:15  Hive  
  176  10:20  Drone x9  
  184  10:22  Queen  
  186  10:35  Hydralisk Den  
  184  10:39  Queen  
  184  10:47  Drone  
  183  10:50  Extractor  
  183  10:51  Extractor  
  183  10:54  Drone  
  171  11:19  Zerg Ground Armor Level 2  
  171  11:24  Evolution Chamber  
  165  11:25  Baneling  
  165  11:26  Baneling x3  
  165  11:30  Viper x3  
  173  11:33  Drone x3  
  173  11:34  Drone x3  
  173  11:35  Spine Crawler  
  173  11:36  Spore Crawler  
  176  11:47  Adrenal Glands  
  176  11:49  Ultralisk Cavern  
  169  12:08  Zergling x12  
  167  12:15  Zergling x10  
  168  12:42  Ultralisk x5  
  196  12:50  Ultralisk  
  190  12:59  Ultralisk  
  190  13:04  Ultralisk  
  196  13:10  Ultralisk  
  196  13:11  Chitinous Plating  
  197  13:23  Zergling x24  
  193  13:30  Ultralisk  
  196  13:43  Hatchery  
  196  13:45  Zergling x10  
  200  13:51  Overseer x3  
  200  13:54  Baneling x16  
  200  14:02  Overseer  
  198  14:08  Zergling x22  
  191  14:22  Hatchery  
  191  14:23  Zergling x2  
  191  14:24  Zergling x22  
Tags
 
Add a new tag
Caveats
  • Supply blocks, unpowered buildings, or Contaminate may cause inaccurate times.
  • Supply counts are checked every 10 seconds.